 Dungeon Crawl Stone Soup version 0.28.0-43-g3370ac3207 (webtiles) character file.

Game seed: 18257077942572707910

2 Revguard the Chopper (level 1, 0/19 HPs)
             Began as a Hill Orc Monk on Mar 11, 2022.
             Constricted to death by a ball python (1 damage)
             ... on level 1 of the Dungeon.
             The game lasted 00:00:48 (119 turns).

Revguard the Chopper (Hill Orc Monk)                 Turns: 119, Time: 00:00:48

Health: 0/19       AC:  2    Str: 13    XL:     1   Next: 30%
Magic:  1/1        EV:  9    Int: 10    God:
Gold:   11         SH:  0    Dex: 13    Spells: 0/0 levels left

rFire   . . .      SeeInvis .   a - +0 hand axe
rCold   . . .      Faith    .   (no shield)
rNeg    . . .      Spirit   .   b - +0 robe
rPois   .          Reflect  .   (no helmet)
rElec   .          Harm     .   (no cloak)
rCorr   .          Rampage  .   (no gloves)
Will    .....                   (no boots)
Stlth   ++........              (no amulet)
HPRegen 0.06/turn               (no ring)
MPRegen 0.07/turn               (no ring)

@: constricted
A: no striking features
a: no special abilities


You were on level 1 of the Dungeon.
You visited 1 branch of the dungeon, and saw 1 of its levels.

You collected 11 gold pieces.

Inventory:

Hand Weapons
 a - a +0 hand axe (weapon)
Missiles
 c - 18 stones (quivered)
Armour
 b - a +0 robe (worn)


   Skills:
 + Level 3.6 Fighting
 * Level 4.1 Axes
 * Level 0.2 Armour
 + Level 2.4 Dodging
 - Level 1.5 Stealth


You couldn't memorise any spells.
You didn't know any spells.
Your spell library was empty.

Dungeon Overview and Level Annotations

Branches:
Dungeon (1/15)

Altars:


Message History

The endoplasm is almost dead.
The endoplasm barely misses you. The endoplasm freezes you.
You are frozen.
The endoplasm freezes you.
You are frozen.
The ball python bites you but does no damage.
The ball python grabs you. The ball python constricts you.
The endoplasm barely misses you. The ball python barely misses you.
The ball python constricts you.
The endoplasm hits you but does no damage.
The ball python bites you. The ball python constricts you.
The endoplasm hits you but does no damage.
The ball python barely misses you. The ball python constricts you.
The ball python bites you but does no damage.
The ball python constricts you. The endoplasm freezes you.
You are frozen.
* * * LOW HITPOINT WARNING * * *
The ball python barely misses you. The ball python constricts you.
* * * LOW HITPOINT WARNING * * *
The endoplasm hits you.
* * * LOW HITPOINT WARNING * * *
The ball python barely misses you. The ball python constricts you.
The endoplasm completely misses you. The ball python misses you.
The ball python constricts you. The endoplasm closely misses you.
The ball python bites you.
* * * LOW HITPOINT WARNING * * *
The ball python constricts you. The endoplasm barely misses you.
The ball python barely misses you. The ball python constricts you.
The ball python closely misses you. The ball python constricts you.
The endoplasm hits you.
* * * LOW HITPOINT WARNING * * *
The ball python barely misses you. The ball python constricts you.
The endoplasm barely misses you. The ball python bites you.
* * * LOW HITPOINT WARNING * * *
The ball python constricts you.
You die...

...(.......##.....###
##.........##.##....# #
...........##.##....##.#
...........'....?.......
.#.........#...#....##.#
.#.........#...#....#
.#.........#...#....#
.##........#...#....#
..........##...#@S..#
......#........#J...#
...####.#.###.##.......^
...# #.#.....##........
...# #.#.....##........
...####.#.....##........
...#.............#######
...#....#........#
.................########


You could see an endoplasm and a ball python.

Vanquished Creatures
  A ball python (D:1)
  A rat (D:1)
2 creatures vanquished.

Notes
Turn   | Place    | Note
-------+----------+-------------------------------------------
     0 | D:1      | Revguard the Hill Orc Monk began the quest for the Orb.
     0 | D:1      | Reached XP level 1. HP: 19/19 MP: 1/1
   119 | D:1      | Constricted to death by a ball python

Illustrated notes

Levels and vault maps discovered:
D:1:      psy_arrival_terrarium, layout_basic, ebering_ecumenical_altar_rust

Action                   || total
-------------------------++-------
Melee: Hand axe          ||     5
 Stab: Sleeping          ||     2
Armor: Robe              ||     5
Dodge: Dodged            ||    15
